 Dungeon Sprint DCSS version 0.31.0-12-g77e489cdc1 (webtiles) character file.

Game seed: 14181495342052565067

39 Heoruswealwe the Poker (level 3, -9/36 HPs)
             Began as a Minotaur Fighter on Feb 21, 2024.
             Mangled by an ogre
             ... wielding a +0 giant spiked club
              (24 damage)
             ... in the Dungeon (Sprint IX: "|||||||||||||||||||||||||||||").
             The game lasted 00:00:26 (58 turns).

Heoruswealwe the Poker (Minotaur Fighter)             Turns: 58, Time: 00:00:27

Health: -9/36      AC:  7    Str: 22    XL:     3   Next: 28%
Magic:  2/2        EV:  9    Int:  5    God:
Gold:   0          SH:  4    Dex:  9    Spells: 2/2 levels left

rFire   . . .        a - +0 trident
rCold   . . .        d - +0 buckler
rNeg    . . .        c - +0 scale mail
rPois   .            (helmet restricted)
rElec   .            (no cloak)
rCorr   .            (no gloves)
SInv    .            (no boots)
Will    .....        (no amulet) Stlth
                     (no ring)
HPRegen 0.26/turn    (no ring)
MPRegen 0.08/turn

%: no teleportation
@: no status effects
A: horns 2, retaliatory headbutt
a: no special abilities


You were in the Dungeon.
You visited 1 branch

Inventory:

Hand Weapons
 a - a +0 trident (weapon)
Armour
 c - a +0 scale mail (worn)
 d - a +0 buckler (worn)
Scrolls
 j - a scroll of blinking
Potions
 b - a potion of might
 e - a potion of curing
 f - a potion of heal wounds
 g - a potion of haste
 h - 2 potions of magic
 i - a potion of berserk rage


   Skills:
 + Level 5.3 Fighting
 * Level 6.0 Polearms
 + Level 5.3 Armour
 - Level 3.6 Shields


You had 2 spell levels left.
You didn't know any spells.
Your spell library was empty.

Dungeon Overview and Level Annotations

Branches:
Dungeon (1/1)

Altars:


Innate Abilities, Weirdness & Mutations

You have a pair of horns on your head.
You reflexively headbutt those who attack you in melee.


Message History

You hit the hound.
The hound is severely wounded.
You block the hound's attack. The hound bites you but does no damage.
You barely miss the hound. Your headbutt misses the hound.
The hound is severely wounded.
You block the hound's attack. x2
The white imp laughs crazily.
You closely miss the hound.
The hound is severely wounded.
The hound barely misses you.
You hit the hound.
The hound is almost dead.
The hound closely misses you. x2
You barely miss the hound. You headbutt the hound.
You kill the hound!
Your Fighting skill increases to level 5!
Your Polearms skill gained 2 levels and is now at level 6!
Your Armour skill increases to level 5!
You have reached level 3!
Your experience leads to an increase in your attributes!
Increase (S)trength, (I)ntelligence, or (D)exterity?
You feel stronger. x2
You puncture the ogre! You headbutt the ogre!
The ogre is severely wounded.
You block the ogre's attack.
You barely miss the ogre.
The ogre is severely wounded.
The ogre closely misses you.
You completely miss the ogre.
The ogre is severely wounded.
The white imp spits at you.
You hit the ogre.
The ogre is almost dead.
The ogre hits you with a +0 giant spiked club!!
Ouch! That really hurt!
You barely miss the ogre.
The ogre is almost dead.
The ogre hits you with a +0 giant spiked club!!
Ouch! That really hurt!
You die... ▓▓▓▓▓▓▓▓▓▓▓▓▓▓▓▓▓▓ ▓<...††)..@Ofr5..+ ▓▓▓▓▓▓▓▓▓▓▓▓▓▓▓▓▓▓

You could see an ogre, a sleepcap, a white imp and a quokka.

Vanquished Creatures
  A hound (D)
  A dart slug (D)
  A bat (D)
  An endoplasm (D)
  A goblin (D)
  A quokka (D)
6 creatures vanquished.

Notes
Turn   | Place    | Note
-------+----------+-------------------------------------------
     0 | D        | Heoruswealwe the Minotaur Fighter began the quest for the
                  | Orb.
     0 | D        | Reached XP level 1. HP: 19/19 MP: 0/0
    12 | D        | Reached skill level 3 in Polearms
    18 | D        | Reached skill level 4 in Polearms
    19 | D        | Reached XP level 2. HP: 23/28 MP: 1/1
    39 | D        | Noticed an ogre
    54 | D        | Reached skill level 5 in Fighting
    54 | D        | Reached skill level 6 in Polearms
    54 | D        | Reached skill level 5 in Armour
    54 | D        | Reached XP level 3. HP: 34/36 MP: 2/2
    58 | D        | Mangled by an ogre

Illustrated notes

Levels and vault maps discovered:
D:        linesprint [early_d, line_temple, items_1, d_10, items_2, lair_1,
          lair_end, items_3, orc_1, orc_end, items_4, d_15, swamp_1, shoals_1,
          snake_1, spider_1, d_20, vaults_1, items_5, swamp_end, shoals_end,
          snake_end, spider_end, vaults_end, d_27, items_6, zot_1, zot_end,
          crypt_end, forest_end, elf_end, slime_end, tomb_end, abyss_end,
          pan_hell_end]

Skill      XL: |  1  2 |
---------------+-------+-----
Polearms       | 4 6 |  6.0
Fighting       | 4 5 |  5.3
Armour         | 4 5 |  5.3
Shields        | |  3.6

Action                     || total
---------------------------++-------
  Melee: Trident           ||    32
         Headbutt          ||     3
 Armour: Scale mail        ||    16
  Dodge: Dodged            ||    20
  Block: Buckler           ||    10
